| TOP OF THE 1ST |
|
Idaho Falls Chukars batting - Pitching for Salt Lake City Buzz : RHP Mike Oquist
|
|
Pitching: RHP Mike Oquist
|
|
|
Batting: LHB Wayne Kirby
|
0-0: Ball 1-0: Ball 2-0: Swinging Strike 2-1: Ball 3-1: Ground out 6-3 (Groundball, 6M, EV 87.5 MPH)
|
|
Batting: LHB Dwight Smith
|
0-0: Foul Ball, location: 2F 0-1: Called Strike 0-2: SOLO HOME RUN (Flyball, 89XD, EV 90.6 MPH), Distance : 388 ft
|
|
Batting: LHB Tyler Houston
|
0-0: Ball 1-0: Foul Ball, location: 2F 1-1: Ball 2-1: Foul Ball, location: 2F 2-2: Strikes out swinging
|
|
Batting: LHB Rico Brogna
|
0-0: Ball 1-0: Swinging Strike 1-1: Called Strike 1-2: Ball 2-2: Ball 3-2: Foul Ball, location: 2F 3-2: Strikes out swinging
|
| Top of the 1st over - 1 run, 1 hit, 0 errors, 0 left on base; Idaho Falls 1 - Salt Lake City 0 |
| BOTTOM OF THE 1ST |
|
Salt Lake City Buzz batting - Pitching for Idaho Falls Chukars : RHP Phil Leftwich
|
|
Pitching: RHP Phil Leftwich
|
|
|
Batting: RHB Arquimedez Pozo
|
0-0: Called Strike 0-1: Ball 1-1: Swinging Strike 1-2: Ball 2-2: SINGLE (Flyball, 89S, EV 97.5 MPH)
|
|
Batting: SHB Abraham O Nunez
|
0-0: Ball 1-0: SINGLE (Groundball, 34, EV 94.4 MPH) (infield hit) Arquimedez Pozo to second
|
|
Batting: RHB Jerome Walton
|
0-0: Ball 1-0: Called Strike 1-1: SINGLE (Line Drive, 6D, EV 97.5 MPH) Arquimedez Pozo to third Abraham O Nunez to second
|
|
Batting: RHB Dave Staton
|
0-0: Foul Ball, location: 2F 0-1: Ball 1-1: Swinging Strike 1-2: Ball 2-2: Strikes out swinging
|
|
Batting: RHB Brian Johnson
|
0-0: SINGLE (Groundball, 56D, EV 100.6 MPH) Arquimedez Pozo scores Abraham O Nunez to third Jerome Walton to second
|
|
Batting: RHB Emil Brown
|
0-0: Called Strike 0-1: Called Strike 0-2: Ball 1-2: SINGLE (Groundball, 6MD, EV 110.6 MPH) Abraham O Nunez scores Jerome Walton to third Brian Johnson to second Runner from 3rd tries for Home, SAFE, throw by CF to home
|
|
Batting: RHB Jose Oliva
|
0-0: Ball 1-0: Foul Ball, location: 2F 1-1: Swinging Strike 1-2: Fly out, F7 (Flyball, 78S, EV 85.0 MPH)
|
|
Batting: SHB Reggie B. Williams
|
0-0: Ball 1-0: Swinging Strike 1-1: Ball 2-1: Foul Ball, location: 2F 2-2: Strikes out swinging
|
| Bottom of the 1st over - 3 runs, 5 hits, 0 errors, 2 left on base; Idaho Falls 1 - Salt Lake City 3 |
| TOP OF THE 2ND |
|
Idaho Falls Chukars batting - Pitching for Salt Lake City Buzz : RHP Mike Oquist
|
|
Batting: RHB Mark Lewis
|
0-0: Called Strike 0-1: Ball 1-1: Ground out 6-3 (Groundball, 6MS, EV 68.1 MPH)
|
|
Batting: SHB Marcus Jensen
|
0-0: Fly out, F3 (Line Drive, 3, EV 70.6 MPH)
|
|
Batting: LHB Darren Daulton
|
0-0: Ball 1-0: Ball 2-0: Fly out, F5 (Popup, 5SF, EV 73.8 MPH)
|
| Top of the 2nd over - 0 runs, 0 hits, 0 errors, 0 left on base; Idaho Falls 1 - Salt Lake City 3 |
| BOTTOM OF THE 2ND |
|
Salt Lake City Buzz batting - Pitching for Idaho Falls Chukars : RHP Phil Leftwich
|
|
Batting: RHB Charlie Greene
|
0-0: Called Strike 0-1: Swinging Strike 0-2: Foul Ball, location: 2F 0-2: Strikes out looking
|
|
Batting: RHB Arquimedez Pozo
|
0-0: Swinging Strike 0-1: Ball 1-1: SINGLE (Groundball, 5S, EV 70.6 MPH) (infield hit)
|
|
Batting: SHB Abraham O Nunez
|
0-0: Foul Ball, location: 2F 0-1: Foul Ball, location: 2F 0-2: Ball 1-2: Foul Ball, location: 2F 1-2: Strikes out looking
|
|
Batting: RHB Jerome Walton
|
0-0: Called Strike 0-1: Ball Arquimedez Pozo steals 2nd base 1-1: Ball 2-1: Ball 3-1: Base on Balls
|
|
Batting: RHB Dave Staton
|
0-0: Called Strike 0-1: Ball 1-1: Ball 2-1: Foul Ball, location: 2F 2-2: Foul Ball, location: 2F 2-2: Ball 3-2: Fly out, F8 (Line Drive, 8RD, EV 93.8 MPH)
|
| Bottom of the 2nd over - 0 runs, 1 hit, 0 errors, 2 left on base; Idaho Falls 1 - Salt Lake City 3 |
| TOP OF THE 3RD |
|
Idaho Falls Chukars batting - Pitching for Salt Lake City Buzz : RHP Mike Oquist
|
|
Batting: RHB Les Norman
|
0-0: Ball 1-0: Ball 2-0: Foul Ball, location: 2F 2-1: Foul Ball, location: 2F 2-2: Ball 3-2: Foul Ball, location: 2F 3-2: Ground out 6-3 (Groundball, 6, EV 82.5 MPH)
|
|
Batting: RHB Takahiro Suzuki
|
0-0: Hit by Pitch
|
|
Batting: LHB Wayne Kirby
|
0-0: Called Strike 0-1: Swinging Strike 0-2: Ball 1-2: Ball 2-2: Foul Ball, location: 2F 2-2: Foul Ball, location: 2F 2-2: Grounds into double play, 5-4-3 (Groundball, 56, EV 88.1 MPH)
|
| Top of the 3rd over - 0 runs, 0 hits, 0 errors, 0 left on base; Idaho Falls 1 - Salt Lake City 3 |
| BOTTOM OF THE 3RD |
|
Salt Lake City Buzz batting - Pitching for Idaho Falls Chukars : RHP Phil Leftwich
|
|
Batting: RHB Brian Johnson
|
0-0: Ground out 6-3 (Groundball, 6, EV 82.5 MPH)
|
|
Batting: RHB Emil Brown
|
0-0: Swinging Strike 0-1: Foul Ball, location: 2F 0-2: Strikes out swinging
|
|
Batting: RHB Jose Oliva
|
0-0: Fly out, F8 (Flyball, 8LS, EV 78.8 MPH)
|
| Bottom of the 3rd over - 0 runs, 0 hits, 0 errors, 0 left on base; Idaho Falls 1 - Salt Lake City 3 |
| TOP OF THE 4TH |
|
Idaho Falls Chukars batting - Pitching for Salt Lake City Buzz : RHP Mike Oquist
|
|
Batting: LHB Dwight Smith
|
0-0: Ball 1-0: Ball 2-0: Foul Ball, location: 2F 2-1: Bunted foul 2-2: Ball 3-2: Strikes out swinging
|
|
Batting: LHB Tyler Houston
|
0-0: Called Strike 0-1: Foul Ball, location: 2F 0-2: Ball 1-2: Ball 2-2: Ball 3-2: Strikes out swinging
|
|
Batting: LHB Rico Brogna
|
0-0: Ground out 4-3 (Groundball, 4, EV 105.6 MPH)
|
| Top of the 4th over - 0 runs, 0 hits, 0 errors, 0 left on base; Idaho Falls 1 - Salt Lake City 3 |
| BOTTOM OF THE 4TH |
|
Salt Lake City Buzz batting - Pitching for Idaho Falls Chukars : RHP Phil Leftwich
|
|
Batting: SHB Reggie B. Williams
|
0-0: Ball 1-0: Ball 2-0: Called Strike 2-1: Called Strike 2-2: Foul Ball, location: 2F 2-2: Ground out 6-3 (Groundball, 6, EV 91.3 MPH)
|
|
Batting: RHB Charlie Greene
|
0-0: Ball 1-0: Called Strike 1-1: Ball 2-1: Foul Ball, location: 2F 2-2: Fly out, F8 (Flyball, 8LD, EV 101.3 MPH)
|
|
Batting: RHB Arquimedez Pozo
|
0-0: Ball 1-0: Ground out U3 (Groundball, 34, EV 100.6 MPH)
|
| Bottom of the 4th over - 0 runs, 0 hits, 0 errors, 0 left on base; Idaho Falls 1 - Salt Lake City 3 |
| TOP OF THE 5TH |
|
Idaho Falls Chukars batting - Pitching for Salt Lake City Buzz : RHP Mike Oquist
|
|
Batting: RHB Mark Lewis
|
0-0: Called Strike 0-1: Fly out, F9 (Flyball, 9, EV 96.3 MPH)
|
|
Batting: SHB Marcus Jensen
|
0-0: Called Strike 0-1: Fly out, F8 (Line Drive, 8LD, EV 83.8 MPH)
|
|
Batting: LHB Darren Daulton
|
0-0: Called Strike 0-1: SINGLE (Line Drive, 7S, EV 92.5 MPH)
|
|
Batting: RHB Les Norman
|
0-0: Foul Ball, location: 2F 0-1: Called Strike 0-2: Foul Ball, location: 2F 0-2: Ball 1-2: Foul Ball, location: 2F 1-2: Ball 2-2: Ball 3-2: Strikes out swinging
|
| Top of the 5th over - 0 runs, 1 hit, 0 errors, 1 left on base; Idaho Falls 1 - Salt Lake City 3 |
| BOTTOM OF THE 5TH |
|
Salt Lake City Buzz batting - Pitching for Idaho Falls Chukars : RHP Phil Leftwich
|
|
Batting: SHB Abraham O Nunez
|
0-0: Ball 1-0: Called Strike 1-1: Foul Ball, location: 2F 1-2: Ball 2-2: Ground out 4-3 (Groundball, 4D, EV 105.6 MPH)
|
|
Batting: RHB Jerome Walton
|
0-0: Ball 1-0: Foul Ball, location: 2F 1-1: Ball 2-1: Ball 3-1: SINGLE (Line Drive, 3D, EV 96.3 MPH)
|
|
Batting: RHB Dave Staton
|
0-0: Fly out, F3 (Popup, 3SF, EV 71.9 MPH)
|
|
Batting: RHB Brian Johnson
|
0-0: Ball 1-0: Called Strike 1-1: Foul Ball, location: 2F 1-2: Ball 2-2: Fly out, F4 (Popup, 3D, EV 48.1 MPH)
|
| Bottom of the 5th over - 0 runs, 1 hit, 0 errors, 1 left on base; Idaho Falls 1 - Salt Lake City 3 |
| TOP OF THE 6TH |
|
Idaho Falls Chukars batting - Pitching for Salt Lake City Buzz : RHP Mike Oquist
|
|
Batting: RHB Takahiro Suzuki
|
0-0: SINGLE (Flyball, 9S, EV 83.8 MPH)
|
|
Batting: LHB Wayne Kirby
|
0-0: Foul Ball, location: 2F 0-1: SINGLE (Line Drive, 6D, EV 101.9 MPH) Takahiro Suzuki to second
|
|
Batting: LHB Dwight Smith
|
0-0: Ball 1-0: Ball 2-0: Foul Ball, location: 2F 2-1: Ball 3-1: Foul Ball, location: 2F 3-2: Fly out, F9 (Flyball, 9D, EV 82.5 MPH) Runner from 2nd tags up, SAFE at 3rd, no throw by RF
|
|
Batting: LHB Tyler Houston
|
0-0: Ball 1-0: Ball 2-0: Foul Ball, location: 2F 2-1: Swinging Strike 2-2: Ball 3-2: Foul Ball, location: 2F 3-2: SINGLE (Line Drive, 89S, EV 102.5 MPH) Takahiro Suzuki scores Wayne Kirby to second Wayne Kirby to third
|
|
Pitching: RHP Mark Acre
|
|
|
Batting: LHB Rico Brogna
|
0-0: Foul Ball, location: 2F 0-1: Foul Ball, location: 2F 0-2: Ball 1-2: Ball 2-2: Foul Ball, location: 2F 2-2: Fly out, F7 (Flyball, 7D, EV 102.5 MPH) Runner from 3rd tags up, SCORES, no throw by LF
|
|
Batting: RHB Mark Lewis
|
0-0: Ball 1-0: Foul Ball, location: 2F 1-1: Foul Ball, location: 2F 1-2: Ball 2-2: Fly out, F8 (Flyball, 8LM, EV 91.9 MPH)
|
| Top of the 6th over - 2 runs, 3 hits, 0 errors, 1 left on base; Idaho Falls 3 - Salt Lake City 3 |
| BOTTOM OF THE 6TH |
|
Salt Lake City Buzz batting - Pitching for Idaho Falls Chukars : RHP Phil Leftwich
|
|
Batting: RHB Emil Brown
|
0-0: Ball 1-0: Ball 2-0: Called Strike 2-1: Fly out, F8 (Line Drive, 8LD, EV 86.9 MPH)
|
|
Batting: RHB Jose Oliva
|
0-0: Ball 1-0: Foul Ball, location: 2F 1-1: Called Strike 1-2: Fly out, F8 (Flyball, 8LM, EV 80.6 MPH)
|
|
Batting: SHB Reggie B. Williams
|
0-0: Called Strike 0-1: Foul Ball, location: 2F 0-2: Foul Ball, location: 2F 0-2: Foul Ball, location: 2F 0-2: Foul Ball, location: 2F 0-2: Ball 1-2: Ground out 6-3 (Groundball, 6M, EV 84.4 MPH)
|
| Bottom of the 6th over - 0 runs, 0 hits, 0 errors, 0 left on base; Idaho Falls 3 - Salt Lake City 3 |
| TOP OF THE 7TH |
|
Idaho Falls Chukars batting - Pitching for Salt Lake City Buzz : RHP Mark Acre
|
|
Batting: SHB Marcus Jensen
|
0-0: Foul Ball, location: 2F 0-1: SINGLE (Line Drive, 89S, EV 105.6 MPH)
|
|
Batting: LHB Darren Daulton
|
0-0: Ball 1-0: Ball 2-0: Foul Ball, location: 2F 2-1: Called Strike 2-2: Ball 3-2: 2-RUN HOME RUN (Flyball, 9D, EV 93.1 MPH), Distance : 369 ft
|
|
Batting: RHB Les Norman
|
0-0: Ball 1-0: Ball 2-0: Called Strike 2-1: Ball 3-1: Swinging Strike 3-2: Strikes out swinging
|
|
Batting: RHB Takahiro Suzuki
|
0-0: Called Strike 0-1: Ball 1-1: Swinging Strike 1-2: Strikes out swinging
|
|
Batting: LHB Wayne Kirby
|
0-0: Foul Ball, location: 2F 0-1: Ball 1-1: Swinging Strike 1-2: Ball 2-2: Foul Ball, location: 2F 2-2: Foul Ball, location: 2F 2-2: Ball 3-2: Strikes out swinging
|
| Top of the 7th over - 2 runs, 2 hits, 0 errors, 0 left on base; Idaho Falls 5 - Salt Lake City 3 |
| BOTTOM OF THE 7TH |
|
Salt Lake City Buzz batting - Pitching for Idaho Falls Chukars : RHP Phil Leftwich
|
|
Batting: RHB Charlie Greene
|
0-0: Swinging Strike 0-1: Swinging Strike 0-2: Ball 1-2: Ball 2-2: Ground out 6-3 (Groundball, 6, EV 89.4 MPH)
|
|
Batting: RHB Arquimedez Pozo
|
0-0: SINGLE (Groundball, 56D, EV 103.8 MPH)
|
|
Batting: SHB Abraham O Nunez
|
0-0: Ball 1-0: Foul Ball, location: 2F 1-1: Ball 2-1: Fly out, F4 (Popup, 4, EV 71.3 MPH)
|
|
Batting: RHB Jerome Walton
|
0-0: Ground out 4-3 (Groundball, 34, EV 85.6 MPH)
|
| Bottom of the 7th over - 0 runs, 1 hit, 0 errors, 1 left on base; Idaho Falls 5 - Salt Lake City 3 |
| TOP OF THE 8TH |
|
Idaho Falls Chukars batting - Pitching for Salt Lake City Buzz : RHP Mark Acre
|
|
Batting: LHB Dwight Smith
|
0-0: Ball 1-0: Swinging Strike 1-1: Called Strike 1-2: Ball 2-2: Foul Ball, location: 2F 2-2: DOUBLE (Line Drive, 89M, EV 111.3 MPH)
|
|
Pitching: RHP Carlos Almanzar
|
|
|
Batting: LHB Tyler Houston
|
0-0: Ball 1-0: Swinging Strike 1-1: DOUBLE (Line Drive, 89M, EV 108.1 MPH) Dwight Smith scores
|
|
Batting: LHB Rico Brogna
|
0-0: Intentional Walk
|
|
Batting: RHB Mark Lewis
|
0-0: Ball 1-0: Swinging Strike 1-1: Foul Ball, location: 2F 1-2: SINGLE (Line Drive, 7LM, EV 103.8 MPH) Tyler Houston to third Rico Brogna to second Runner from 3rd tries for Home, SAFE, no throw by LF
|
|
Batting: SHB Marcus Jensen
|
0-0: Called Strike 0-1: Ball 1-1: Ball 2-1: Ball 3-1: Foul Ball, location: 2F 3-2: Strikes out swinging
|
|
Batting: LHB Darren Daulton
|
0-0: Foul Ball, location: 2F 0-1: Called Strike 0-2: Foul Ball, location: 2F 0-2: Strikes out swinging
|
|
Batting: RHB Les Norman
|
0-0: Ball 1-0: Called Strike 1-1: Ball 2-1: SINGLE (Line Drive, 8LS, EV 95.0 MPH) Rico Brogna to third Mark Lewis to second Runner from 3rd tries for Home, SAFE, no throw by CF
|
|
Batting: RHB Takahiro Suzuki
|
0-0: Ball 1-0: Swinging Strike 1-1: Fielders Choice at 2nd, 5-4 (Groundball, 56, EV 102.5 MPH)
|
| Top of the 8th over - 3 runs, 4 hits, 0 errors, 2 left on base; Idaho Falls 8 - Salt Lake City 3 |
| BOTTOM OF THE 8TH |
|
Salt Lake City Buzz batting - Pitching for Idaho Falls Chukars : RHP Phil Leftwich
|
|
Batting: RHB Dave Staton
|
0-0: Ball 1-0: SINGLE (Groundball, 6, EV 103.8 MPH) (infield hit)
|
|
Batting: RHB Brian Johnson
|
0-0: Ball 1-0: Called Strike 1-1: Foul Ball, location: 2F 1-2: Strikes out looking
|
|
Batting: RHB Emil Brown
|
0-0: Ball 1-0: SINGLE (Line Drive, 4MD, EV 100.0 MPH) Dave Staton to second
|
|
Pitching: RHP Phil Stidham
|
|
|
Batting: RHB Jose Oliva
|
0-0: Foul Ball, location: 2F 0-1: Ball 1-1: Called Strike 1-2: SINGLE (Groundball, 56, EV 88.8 MPH) (infield hit) Dave Staton to third Emil Brown to second
|
|
Batting: SHB Reggie B. Williams
|
0-0: Ball 1-0: Swinging Strike 1-1: Swinging Strike 1-2: Strikes out swinging
|
|
Batting: RHB Charlie Greene
|
0-0: Ball 1-0: Ball 2-0: Called Strike 2-1: Ball 3-1: Called Strike 3-2: Strikes out swinging
|
| Bottom of the 8th over - 0 runs, 3 hits, 0 errors, 3 left on base; Idaho Falls 8 - Salt Lake City 3 |
| TOP OF THE 9TH |
|
Idaho Falls Chukars batting - Pitching for Salt Lake City Buzz : RHP Carlos Almanzar
|
|
Pitching: LHP Paul Spoljaric
|
|
|
Batting: LHB Wayne Kirby
|
0-0: Called Strike 0-1: Called Strike 0-2: Strikes out looking
|
|
Batting: LHB Dwight Smith
|
0-0: Ball 1-0: Called Strike 1-1: Called Strike 1-2: Strikes out looking
|
|
Batting: LHB Tyler Houston
|
0-0: Foul Ball, location: 2F 0-1: Foul Ball, location: 2F 0-2: Foul Ball, location: 2F 0-2: Foul Ball, location: 2F 0-2: Strikes out swinging
|
| Top of the 9th over - 0 runs, 0 hits, 0 errors, 0 left on base; Idaho Falls 8 - Salt Lake City 3 |
| BOTTOM OF THE 9TH |
|
Salt Lake City Buzz batting - Pitching for Idaho Falls Chukars : RHP Phil Stidham
|
|
Batting: RHB Arquimedez Pozo
|
0-0: Foul Ball, location: 2F 0-1: Called Strike 0-2: Ball 1-2: Strikes out looking
|
|
Batting: SHB Abraham O Nunez
|
0-0: Called Strike 0-1: Foul Ball, location: 2F 0-2: Ball 1-2: Ball 2-2: Foul Ball, location: 2F 2-2: Foul Ball, location: 2F 2-2: Strikes out swinging
|
|
Batting: RHB Jerome Walton
|
0-0: Swinging Strike 0-1: Swinging Strike 0-2: Ball 1-2: Foul Ball, location: 2F 1-2: Ground out 6-3 (Groundball, 6, EV 78.1 MPH)
|
| Bottom of the 9th over - 0 runs, 0 hits, 0 errors, 0 left on base; Idaho Falls 8 - Salt Lake City 3 |
|